 Dungeon Crawl Stone Soup version 0.28.0-53-g5a82cb258f (webtiles) character file.

Game seed: 7199012367517602937

1846 coldbreeze the Martial Artist (level 8, -1/59 (65) HPs)
             Began as a Demonspawn Monk on June 6, 2022.
             Was a Priest of Okawaru.
             Slain by a wight
             ... wielding a +0 battleaxe
              (4 damage)
             ... on level 6 of the Dungeon.
             The game lasted 00:09:03 (7227 turns).

coldbreeze the Martial Artist (Demonspawn Monk)     Turns: 7227, Time: 00:09:03

HP:   -1/59 (65)    AC:  8    Str: 13    XL:     8   Next: 88%
MP:   10/11         EV: 15    Int: 12    God:    Okawaru [***...]
Gold: 221           SH:  0    Dex: 16    Spells: 7/7 levels left

rFire   . . .      SeeInvis .     - Unarmed
rCold   . . .      Faith    .   (no shield)
rNeg    . . .      Spirit   .   c - +0 scale mail
rPois   .          Reflect  .   (no helmet)
rElec   .          Harm     .   b - +0 cloak
rCorr   .          Rampage  .   (no gloves)
Will    .....                   (no boots)
Stlth   +++.......              (no amulet)
HPRegen 0.19/turn               (no ring)
MPRegen 0.12/turn               (no ring)

@: heroic, drained
A: ignite blood 1, sturdy frame 3, demonic magic 1
a: Renounce Religion, Heroism


You were on level 6 of the Dungeon.
You worshipped Okawaru.
Okawaru was most pleased with you.
You visited 2 branches of the dungeon, and saw 7 of its levels.

You collected 221 gold pieces.

Inventory:

Armour
 b - a +0 cloak (worn)
 c - a +0 scale mail (worn)
Jewellery
 h - a ring of ice
Wands
 a - a wand of iceblast (6)
Scrolls
 g - a scroll of torment
 i - a scroll of blinking {unknown}
 j - a scroll of teleportation {unknown}
 k - a scroll of enchant weapon {unknown}
 l - a scroll of brand weapon
Potions
 d - a potion of lignification
 e - 2 potions of resistance
 f - 4 potions of curing


   Skills:
 + Level 6.7(11.7) Fighting
 + Level 0.9(5.9) Armour
 - Level 2.6(7.6) Dodging
 - Level 1.7(6.7) Stealth
 * Level 8.5(13.5) Unarmed Combat
 - Level 5.1 Invocations


You had 7 spell levels left.
You didn't know any spells.
Your spell library contained the following spells:

 Spells                   Type           Power      Damage    Failure   Level
 Ensorcelled Hibernation  Hex/Ice        0%         N/A       52%         2
 Passwall                 Tmut/Erth      0%         N/A       52%         2
 Ozocubu's Armour         Ice            0%         N/A       77%         3
 Swiftness                Air            0%         N/A       77%         3
 Anguish                  Hex/Necr       0%         N/A       99%         4
 Enfeeble                 Hex            0%         N/A       100%        7
 Ozocubu's Refrigeration  Ice            0%         4d5       100%        7
 Tukima's Dance           Hex            Unusable   N/A       N/A         3

Dungeon Overview and Level Annotations

Branches:
Dungeon (6/15)             Temple (1/1) D:4

Altars:
Ashenzari
Cheibriados
Elyvilon
Gozag
Hepliaklqana
Makhleb
Okawaru
Qazlal
Ru
Trog
Uskayaw
Vehumet
Wu Jian
Yredelemnul
The Shining One
Ignis

Shops:
D:2 :   D:4 =

Annotations:
D:2 exclusion: downstairs
D:3 Terence


Innate Abilities, Weirdness & Mutations

Your demonic aura sometimes causes spilled blood to erupt in flames.
Your movements are significantly less encumbered by armour. (ER -6)
Spells you cast may paralyse adjacent enemies.


Message History

The wight hits you with a +0 great sword!
You feel drained.
There is a stone staircase leading down, spattered with blood here.
You hit the wight but do no damage. The wight closely misses you.
You barely miss the wight.
The wight hits you with a +0 great sword!
You gain the combat prowess of a mighty hero.
The wight hits you with a +0 great sword.
Unknown command.
You hit the wight.
The wight is lightly damaged.
The wight hits you with a +0 great sword!
You feel drained.
You hit the wight. Your punch misses the wight.
The wight is moderately damaged.
You punch the wight!
You destroy the wight!
Okawaru accepts your kill. The wight completely misses you.
Unknown command.
You hit the wight.
The wight is lightly damaged.
The wight misses you.
You hit the wight.
The wight is lightly damaged.
The wight hits you with a +2 morningstar!
You feel drained.
* * * LOW HITPOINT WARNING * * *
You hit the wight.
The wight is moderately damaged.
You barely miss the wight.
The wight is moderately damaged.
The wight misses you.
You punch the wight!
You destroy the wight!
Okawaru accepts your kill.
You closely miss the wight. The wight hits you with a +0 battleaxe!
* * * LOW HITPOINT WARNING * * *
You feel drained.
You die...

##.... ##... #####
##... .... ####....
... ###....... #..
####......### #..
####.........#
#.###.z##...........##
._###.)@.........#.##
#.###........####..#
#.....#### ##.##
#.>#### #..# ....#
##.## #### ##..#
########..##
..........#
########..##


You could see a wight.

Vanquished Creatures
  Prince Ribbit (D:5)
  Sigmund (D:3)
  Edmund (D:4)
  Duvessa (D:5)
  2 black bears
  A hornet zombie (D:4)
  An ice beast (D:6)
  A centaur (D:6)
  A necrophage (D:6)
  A phantom (D:5)
  Blork the orc (D:6)
  Dowan (D:5)
  2 wights (D:6)
  A centaur zombie (D:5)
  A centaur skeleton (D:5)
  A jelly (D:6)
  A gnoll shaman (D:6)
  A bullfrog skeleton (D:5)
  Jessica (D:3)
  2 iguanas (D:5)
  2 orc wizards (D:3)
  4 gnolls
  8 adders
  3 worms
  4 dart slugs
  11 orcs
  6 ball pythons
  6 bats
  8 endoplasms
  6 giant cockroaches
  4 hobgoblins
  4 jackals (D:1)
  3 quokkas
  4 frilled lizards
  3 goblins
  5 kobolds
  3 rats
107 creatures vanquished.

Notes
Turn   | Place    | Note
-------+----------+-------------------------------------------
     0 | D:1      | coldbreeze the Demonspawn Monk began the quest for the Orb.
     0 | D:1      | Reached XP level 1. HP: 18/18 MP: 1/1
   149 | D:1      | Reached skill level 3 in Unarmed Combat
   272 | D:1      | Gained mutation: Your movements are slightly less
                  | encumbered by armour. (ER -2) [demonic ancestry]
   272 | D:1      | Reached XP level 2. HP: 20/24 MP: 2/2
   674 | D:1      | Found a faded altar of an unknown god.
   730 | D:1      | Gained mutation: Spells you cast may paralyse adjacent
                  | enemies. [demonic ancestry]
   730 | D:1      | Reached XP level 3. HP: 29/29 MP: 3/3
  1621 | D:2      | Found Falyaf's Book Emporium.
  1736 | D:2      | Reached skill level 4 in Unarmed Combat
  1736 | D:2      | Gained mutation: Your demonic aura sometimes causes spilled
                  | blood to erupt in flames. [demonic ancestry]
  1736 | D:2      | Reached XP level 4. HP: 21/37 MP: 4/4
  2711 | D:3      | Reached XP level 5. HP: 23/42 MP: 5/5
  3110 | D:3      | Noticed Jessica
  3122 | D:3      | Killed Jessica
  3400 | D:3      | Noticed Sigmund
  3421 | D:3      | Killed Sigmund
  3422 | D:3      | Reached skill level 5 in Unarmed Combat
  3422 | D:3      | Gained mutation: Your movements are less encumbered by
                  | armour. (ER -4) [demonic ancestry]
  3422 | D:3      | Reached XP level 6. HP: 49/49 MP: 6/6
  3553 | D:3      | Noticed Terence
  4630 | D:4      | Found a bloodstained altar of Trog.
  4711 | D:4      | Found a staircase to the Ecumenical Temple.
  4737 | Temple   | Entered the Ecumenical Temple
  4825 | Temple   | Became a worshipper of Warmaster Okawaru
  4825 | Temple   | Reached * piety under Okawaru
  4825 | Temple   | Reached ** piety under Okawaru
  4983 | D:4      | Found Diutef's Jewellery Emporium.
  5084 | D:5      | Entered Level 5 of the Dungeon
  5089 | D:5      | Reached skill level 5 in Fighting
  5105 | D:5      | Reached skill level 6 in Unarmed Combat
  5190 | D:5      | Noticed Dowan
  5240 | D:5      | Noticed Duvessa
  5247 | D:5      | Killed Duvessa
  5248 | D:5      | Reached skill level 1 in Invocations
  5248 | D:5      | Gained mutation: Your movements are significantly less
                  | encumbered by armour. (ER -6) [demonic ancestry]
  5248 | D:5      | Reached XP level 7. HP: 32/56 MP: 6/8
  5386 | D:5      | Killed Dowan
  5519 | D:5      | Noticed Prince Ribbit
  5653 | D:5      | Noticed Edmund
  5675 | D:4      | Killed Edmund
  5675 | D:4      | Reached *** piety under Okawaru
  5676 | D:4      | Reached skill level 7 in Unarmed Combat
  5676 | D:4      | Reached XP level 8. HP: 37/64 MP: 10/10
  5901 | D:5      | Killed Prince Ribbit
  6780 | D:6      | Reached skill level 8 in Unarmed Combat
  6845 | D:6      | Reached skill level 5 in Invocations
  7061 | D:6      | Noticed Blork the orc
  7075 | D:6      | Killed Blork the orc
  7214 | D:6      | Found an opulent altar of Gozag.
  7227 | D:6      | HP: 3/61 [wight/+0 battleaxe (12)]
  7227 | D:6      | Slain by a wight

Illustrated notes

Levels and vault maps discovered:
D:1:      dpeg_arrival_rooms_a, layout_loops_ring,
          hellmonk_ecumenical_altar_blasted
D:2:      layout_basic, serial_shops, nicolae_square_shop
D:3:      layout_loops_corners, uniq_terence, uniq_jessica, uniq_sigmund
D:4:      layout_gridville, lemuel_crystal_altar, old_standard_altar,
          minmay_temple_entry_slanted, serial_shops, kennysheep_mini_moat
D:5:      layout_basic, uniq_prince_ribbit1, uniq_duvessa, uniq_edmund
D:6:      layout_cave_pods, lemuel_doored_altar, uniq_blork_the_orc
Temple:   ebering_untended_altars

Skill      XL: |  1  2  3  4  5  6  7  8 |
---------------+-------------------------+-----
Unarmed Combat | 3 4 5 6 7 8 |  8.5
Fighting       | 4 5 6 |  6.7
Invocations    | 1 3 5 |  5.1
Armour         | |  0.9
Dodging        | |  2.6
Stealth        | |  1.7

Action                   |  1- 3 |  4- 6 |  7- 9 || total
-------------------------+-------+-------+-------++-------
Melee: Unarmed           |   193 |   244 |   142 ||   579
       Punch             |     4 |     6 |     7 ||    17
Invok: Heroism           |       |       |     2 ||     2
  Use: Potion            |     1 |     3 |       ||     4
       Scroll            |       |     4 |     1 ||     5
 Stab: Sleeping          |     2 |     1 |       ||     3
Armor: Ring mail         |     4 |       |       ||     4
       Scale mail        |    82 |   131 |    42 ||   255
       Skin              |       |     1 |       ||     1
Dodge: Dodged            |   108 |   184 |    90 ||   382
